cohdb
Replays
Latest Replays
All Replays
Popular Replays
Top Player Replays
Match Explorer
How It Works
Community
CoH3 Stats
Reddit
Sign in to upload your games and track your stats! →
Sign in with Steam
us v dak
Match 45754842
Overview
Messages
Build Orders
End
Selects Armored Battlegroup
Selects Assault Engineers
Scout Squad
Assault Engineer Squad
Assault Engineer Squad
Assault Engineer Squad
Assault Engineer Squad
Infantry Support Center
Construct Barracks
Construct Medical Station
Selects Fast Deploy
Assault Engineer Squad
Construct Motor Pool
M8 Greyhound Armored Car
M24 Chaffee Light Tank
Selects Seek and Destroy
M8 Greyhound Armored Car
Construct Weapon Support Center
M1919 Machine Gun Team
Selects Field Repairs
Selects War Machine
M1919 Machine Gun Team
Construct Tank Depot
Skeng.Tecnica.International
oziligath
0
0
Comments
sign in to comment!
No comments posted yet!